 Dungeon Crawl Stone Soup version 0.28.0-1-gb440e238dd (webtiles) character file.

Game seed: 1345489396203734074

16333 Aksej the Spear-Bearer (level 12, -4/115 HPs)
             Began as a Hill Orc Monk on Feb 22, 2022.
             Slain by a very large slime creature (45 damage)
             ... on level 12 of the Dungeon.
             The game lasted 00:27:45 (9657 turns).

Aksej the Spear-Bearer (Hill Orc Monk)              Turns: 9657, Time: 00:27:46

Health: -4/115     AC: 11    Str: 21    XL:     12   Next: 36%
Magic:  0/12       EV: 19    Int: 10    God:
Gold:   591        SH:  0    Dex: 17    Spells: 10/11 levels left

rFire   . . .      SeeInvis .   a - +2 glaive (distort)
rCold   x . .      Faith    .   (shield currently unavailable)
rNeg    . . .      Spirit   +   s - +1 leather armour "Deejipic" {rPois rC- Str+6 Int+2}
rPois   +          Reflect  .   v - +0 hat
rElec   .          Harm     .   k - +1 cloak
rCorr   .          Rampage  .   l - +3 pair of gauntlets of War {Slay+5}
Will    .....                   e - +0 pair of boots
Stlth   +++.......              g - amulet of guardian spirit
HPRegen 1.09/turn               d - +4 ring of evasion
MPRegen 0.13/turn               (no ring)

@: about to teleport
A: dopey 1, regeneration 1, screaming 1
a: no special abilities


You were on level 12 of the Dungeon.
You visited 3 branches of the dungeon, and saw 14 of its levels.

You collected 591 gold pieces.

Inventory:

Hand Weapons
 a - a +2 glaive of distortion (weapon)
Missiles
 m - 10 boomerangs (quivered)
 y - 8 javelins
Armour
 e - a +0 pair of boots (worn)
 k - a +1 cloak (worn)
 l - the +3 pair of gauntlets of War (worn) {Slay+5}
   (You acquired it on level 3 of the Dungeon)

   Slay:      It affects your accuracy & damage with ranged weapons and melee
   (+5).
 s - the +1 leather armour "Deejipic" (worn) {rPois rC- Str+6 Int+2}
   (You found it on level 8 of the Dungeon)

   Str:       It affects your strength (+6).
   Int:       It affects your intelligence (+2).
   rC:        It makes you vulnerable to cold.
   rPois:     It protects you from poison.
 v - a +0 hat (worn)
Jewellery
 d - a +4 ring of evasion (left hand)
 g - an amulet of guardian spirit (around neck)
 h - an amulet of regeneration
 q - a ring of flight
 t - an amulet of faith
 E - a +6 ring of dexterity
Wands
 i - a wand of charming (2)
 r - a wand of mindburst (6)
 x - a wand of digging (2)
 A - a wand of polymorph (15)
Scrolls
 n - 4 scrolls of teleportation
Potions
 b - a potion of invisibility {unknown}
 c - a potion of magic
 f - a potion of ambrosia
 j - 3 potions of brilliance
 o - 2 potions of flight
 p - 3 potions of curing
 u - a potion of lignification {unknown}
 w - a potion of cancellation {unknown}
 z - a potion of heal wounds {unknown}
 B - a potion of berserk rage {unknown}
 C - a potion of attraction {unknown}
 D - a potion of might


   Skills:
 * Level 13.2 Fighting
 + Level 14.6 Polearms
 + Level 2.5 Throwing
 + Level 3.4 Armour
 + Level 6.5 Dodging
 + Level 5.6 Stealth
 + Level 0.1 Fire Magic


You had 10 spell levels left.
You knew the following spells:

 Your Spells              Type           Power      Damage    Failure   Level
a - Foxfire               Conj/Fire      0%         2x1d4     38%         1

Your spell library contained the following spells:

 Spells                   Type           Power      Damage    Failure   Level
 Conjure Flame            Conj/Fire      0%         6-21      77%         3
 Ignite Poison            Fire/Tmut/Pois 0%         N/A       78%         3
 Inner Flame              Hex/Fire       0%         N/A       78%         3
 Mephitic Cloud           Conj/Pois/Air  0%         N/A       78%         3
 Flame Wave               Conj/Fire      0%         2d4       99%         4
 Freezing Cloud           Conj/Ice/Air   0%         6-21      100%        5


Dungeon Overview and Level Annotations

Branches:
Dungeon (12/15)            Temple (1/1) D:4            Lair (0/6) D:11
    Orc (1/2) D:10

Altars:
Ashenzari
Cheibriados
Dithmenos
Elyvilon
Fedhas
Gozag
Hepliaklqana
Kikubaaqudgha
Makhleb
Nemelex Xobeh
Okawaru
Qazlal
Ru
Sif Muna
Trog
Uskayaw
Vehumet
Wu Jian
Xom
Yredelemnul
Zin
The Shining One

Shops:
D:1 (   D:5 ::((

Annotations:
D:4 2 transporters, fly's ghost, weakling FoDe
D:11 exclusion: oklob plant
Abyss:1 Josephine


Innate Abilities, Weirdness & Mutations

You are dopey. (Int -2)
Your natural rate of healing is unusually fast.
You occasionally shout uncontrollably at your foes.


Message History

There is an open door here.
Found an escape hatch in the ceiling.
There are no items here.
Found a stone staircase leading down.
There is a stone staircase leading down here.
There is a stone staircase leading down here.
There is an escape hatch in the ceiling here.
There is an open door here.
Found a stone staircase leading up.
There is a stone staircase leading up here. 3 slime creatures come into view.
You yell at the slime creature!
Found 15 gold pieces.
The slime creature quivers. x3
Two slime creatures merge to form a large slime creature.
Found 17 gold pieces.
You reach to attack!
You slash the large slime creature!
Space warps around the large slime creature.
The large slime creature is lightly wounded.
You barely miss the large slime creature.
The large slime creature is lightly wounded.
The large slime creature hits you but does no damage.
You slash the large slime creature!
Space warps horribly around the large slime creature!!
The large slime creature is moderately wounded.
The large slime creature hits you!!
Two slime creatures merge to form a very large slime creature.
You barely miss the very large slime creature.
The very large slime creature is moderately wounded.
You slice the very large slime creature!!
Space warps around the very large slime creature.
The very large slime creature is moderately wounded.
The very large slime creature hits you!
You barely miss the very large slime creature.
The very large slime creature is moderately wounded.
The very large slime creature hits you!!!
Okay, then.
As you read the scroll of teleportation, it crumbles to dust.
You feel strangely unstable.
The very large slime creature hits you!!!
You die...

. .. #. .$#.# #.##.#.
#...... $.... # #...
#.#..########
#....@J......
####.######## #.# #.#
#.######## #........#
##### #..#####.
#...######.<....#
#####........###.####


You could see a very large slime creature.

Vanquished Creatures
  Harold (D:8)
  3 two-headed ogres
  Pikel (D:7)
  2 ugly things
  2 cyclopes
  Maggie (D:9)
  2 unseen horrors (D:11)
  6 kobold demonologists
  An unseen horror (shapeshifter) (D:11)
  3 trolls
  2 hornets
  A shadow (D:10)
  2 wyverns
  6 wraiths
  6 yaks (D:12)
  3 vampire mosquitoes
  Menkaure (D:7)
  A swamp worm (D:9)
  An acid dragon (D:9)
  A hornet zombie (D:9)
  2 orc warriors
  A black bear (D:5)
  2 sky beasts (D:6)
  2 ogres
  6 centaurs
  2 lemures (D:7)
  A phantom (D:4)
  8 kobold brigands
  A scorpion (D:7)
  2 bullfrogs (D:7)
  A gnoll sergeant (D:12)
  A wyvern zombie (D:7)
  11 wights
  4 howler monkeys
  2 centaur zombies
  A centaur skeleton (D:5)
  A jelly (D:7)
  3 orc priests
  A bullfrog skeleton (D:4)
  8 orc wizards
  A killer bee zombie (D:8)
  A hound zombie (D:5)
  2 howler monkey zombies (D:9)
  5 adders
  3 gnolls (D:12)
  An adder skeleton (D:4)
  2 worms (D:3)
  A dart slug (D:5)
  30 orcs
  4 endoplasms
  A giant cockroach (D:4)
  2 goblins
  13 hobgoblins
  28 kobolds
  3 quokkas
  6 ball pythons
  6 bats
  2 frilled lizards
  7 rats
224 creatures vanquished.

Vanquished Creatures (others)
  9 fungi (D:4)
  10 plants
19 creatures vanquished.

Grand Total: 243 creatures vanquished

Notes
Turn   | Place    | Note
-------+----------+-------------------------------------------
     0 | D:1      | Aksej the Hill Orc Monk began the quest for the Orb.
     0 | D:1      | Reached XP level 1. HP: 19/19 MP: 1/1
   299 | D:1      | Reached XP level 2. HP: 27/27 MP: 2/2
   544 | D:1      | Found Yhoar's Weapon Emporium.
   785 | D:1      | Identified a scroll of acquirement
   785 | D:1      | Acquired a +1 glaive of distortion
   909 | D:2      | Reached XP level 3. HP: 33/33 MP: 3/3
  1152 | D:2      | Reached skill level 4 in Polearms
  1449 | D:3      | Reached XP level 4. HP: 40/40 MP: 4/4
  1811 | D:3      | Found an ornate altar of the Wu Jian Council.
  1879 | D:3      | Acquired the +3 pair of gauntlets of War {Slay+5}
  1879 | D:3      | Found the +3 pair of gauntlets of War {Slay+5}
  1929 | D:4      | Found a transporter.
  1942 | D:4      | Reached XP level 5. HP: 33/47 MP: 3/5
  2111 | D:4      | Reached skill level 5 in Polearms
  2159 | D:4      | Noticed an ogre
  2170 | D:4      | Killed an ogre
  2171 | D:4      | Reached XP level 6. HP: 37/53 MP: 3/6
  2597 | D:4      | Reached skill level 6 in Polearms
  2617 | D:4      | Found a transporter.
  2645 | D:4      | Noticed fly's ghost (weakling FoDe)
  2671 | D:4      | Found a staircase to the Ecumenical Temple.
  2697 | Temple   | Entered the Ecumenical Temple
  2988 | D:4      | Reached skill level 5 in Fighting
  3147 | D:5      | Entered Level 5 of the Dungeon
  3150 | D:5      | Noticed a black bear
  3156 | D:5      | Killed a black bear
  3157 | D:5      | Reached XP level 7. HP: 53/61 MP: 5/7
  3212 | D:5      | Found Lollipot's Book Emporium.
  3221 | D:5      | Found Dywunk's Book Shop.
  3285 | D:5      | Found Kushrum Buga's Weapon Shoppe.
  3385 | D:5      | Reached skill level 7 in Polearms
  3426 | D:5      | Found Ceclebua's Weapon Emporium.
  3496 | D:5      | Noticed a kobold demonologist
  3496 | D:5      | Noticed a kobold demonologist
  3497 | D:5      | Noticed a kobold demonologist
  3500 | D:5      | Noticed a red devil
  3507 | D:5      | Killed a kobold demonologist
  3509 | D:5      | Killed a kobold demonologist
  3510 | D:5      | Reached skill level 8 in Polearms
  3510 | D:5      | Reached XP level 8. HP: 51/70 MP: 4/8
  3513 | D:5      | Killed a kobold demonologist
  3513 | D:5      | HP: 1/70 [kobold brigand (4)]
  3988 | D:6      | Reached skill level 9 in Polearms
  4419 | D:6      | Found an ancient bone altar of Kikubaaqudgha.
  4431 | D:6      | Reached XP level 9. HP: 74/79 MP: 7/9
  4681 | D:7      | Noticed a troll
  4699 | D:7      | Killed a troll
  4903 | D:7      | Noticed Pikel
  4928 | D:7      | Killed Pikel
  4929 | D:7      | Reached skill level 10 in Polearms
  5216 | D:7      | Noticed a kobold demonologist
  5216 | D:7      | Noticed a kobold demonologist
  5226 | D:7      | Killed a kobold demonologist
  5227 | D:7      | Reached skill level 5 in Dodging
  5228 | D:7      | Reached skill level 11 in Polearms
  5229 | D:7      | Killed a kobold demonologist
  5230 | D:7      | Reached XP level 10. HP: 62/90 MP: 7/10
  5478 | D:7      | Found an opulent altar of Gozag.
  5507 | D:7      | Noticed Menkaure
  5516 | D:7      | Killed Menkaure
  5790 | D:7      | Gained mutation: You occasionally shout uncontrollably at
                  | your foes. [potion of mutation]
  5790 | D:7      | Gained mutation: You are dopey. (Int -2) [potion of
                  | mutation]
  5790 | D:7      | Gained mutation: Your natural rate of healing is unusually
                  | fast. [potion of mutation]
  5902 | D:7      | Identified the +9 whip of Resourcefulness {speed, Drain
                  | rN++}
  6315 | D:8      | Reached skill level 5 in Stealth
  6366 | D:8      | Noticed Harold
  6388 | D:8      | Killed Harold
  6392 | D:8      | Identified the +1 leather armour "Deejipic" {rPois rC-
                  | Str+6 Int+2}
  6526 | D:8      | Reached skill level 12 in Polearms
  6929 | D:9      | Found an iron altar of Okawaru.
  6929 | D:9      | Found a faded altar of an unknown god.
  6937 | D:9      | Found a glowing golden altar of the Shining One.
  6939 | D:9      | Found a faded altar of an unknown god.
  6941 | D:9      | Found a snail-covered altar of Cheibriados.
  6961 | D:9      | Noticed Maggie
  6968 | D:9      | Killed Maggie
  7089 | D:9      | Noticed a two-headed ogre
  7097 | D:9      | Reached skill level 10 in Fighting
  7097 | D:9      | Reached skill level 1 in Armour
  7144 | D:9      | Killed a two-headed ogre
  7145 | D:9      | Reached XP level 11. HP: 40/101 MP: 5/11
  7213 | D:9      | Learned a level 1 spell: Foxfire
  7608 | D:10     | Entered Level 10 of the Dungeon
  7621 | D:10     | Reached skill level 13 in Polearms
  7752 | D:10     | Found a staircase to the Orcish Mines.
  8176 | Orc:1    | Entered Level 1 of the Orcish Mines
  8176 | Orc:1    | Noticed an orc high priest
  8220 | D:11     | Noticed Josephine
  8228 | D:11     | Reached skill level 1 in Throwing
  8241 | D:11     | Banished Josephine
  8265 | D:11     | Found a staircase to the Lair.
  8266 | D:11     | Noticed an oklob plant
  8294 | D:11     | Noticed a brown ugly thing
  8308 | D:11     | Killed a brown ugly thing
  8342 | D:11     | Noticed a seven-headed hydra
  8353 | D:11     | Banished a ten-headed hydra
  8486 | D:11     | Noticed a cyclops
  8486 | D:11     | Noticed a two-headed ogre
  8492 | D:11     | Killed a two-headed ogre
  8498 | D:11     | Killed a cyclops
  8600 | D:11     | Reached skill level 14 in Polearms
  8707 | D:11     | Noticed a two-headed ogre
  8715 | D:11     | Killed a two-headed ogre
  8716 | D:11     | Reached XP level 12. HP: 113/113 MP: 12/12
  8984 | D:12     | Identified the +3 rapier "Zash" {flame, Will+}
  9226 | D:12     | Found a blossoming altar of Fedhas.
  9657 | D:12     | Slain by a very large slime creature

Illustrated notes

Levels and vault maps discovered:
D:1:      lightli_arrival_statue_moat, layout_basic, serial_shops,
          nicolae_shop_trees, minmay_pentomino_u4
D:2:      layout_basic
D:3:      layout_basic, mainiacjoe_overflow_small_starburst,
          kennysheep_generic_room_6
D:4:      layout_loops_ring, temple_fountains, serial_aquarium,
          aquarium_bridge_square [aquarium_subvault_wall,
          aquarium_subvault_window, aquarium_subvault_bridge,
          aquarium_subvault_bridge], aquarium_bridge_straight
          [aquarium_subvault_bridge, aquarium_subvault_balcony,
          aquarium_subvault_bridge, aquarium_subvault_window],
          aquarium_window_corridor_2, aquarium_window_corner,
          aquarium_window_corner, aquarium_view_2d, aquarium_view_2e,
          gammafunk_ghost_gnarly_gnolls
D:5:      layout_cave_pools, serial_shops, nicolae_shop_stone, shop_fountains,
          nicolae_shop_behind_doors, nicolae_take_the_stairs
D:6:      layout_basic, mainiacjoe_overflow_chevrons
D:7:      layout_basic, mainiacjoe_overflow_cross_hatched,
          minmay_misc_feat_encased, minivault_5, corexii_checkpoint_a,
          lemuel_another_geyser, uniq_pikel, uniq_menkaure
D:8:      layout_cave_pools, uniq_harold
D:9:      layout_rooms, chequers_temple_overflow_minitemple,
          kennysheep_crisscross, worms_lemuel, uniq_maggie
D:10:     layout_small_grid, orc_0_dummy, minmay_door_square,
          small_statue_intersection, abandoned_shop
D:11:     layout_rooms, dpeg_oklobed_lair, minmay_microvault, uniq_josephine
D:12:     layout_loops_corners, special_room [special_room_orc],
          minmay_misc_feat_hallway, chequers_serial_rivers_micro_d,
          fedhas_ov_isle_minmay
Temple:   eino_temple_rhombus
Orc:1:    layout_caves, serial_shops, nicolae_shop_trees, basic_altar

Skill      XL: |  1  2  3  4  5  6  7  8  9 10 11 12 |
---------------+-------------------------------------+-----
Fighting       | 4 5 6 7 8 10 12 13 | 13.2
Polearms       | 4 5 6 8 9 11 12 14 | 14.6
Stealth        | 2 3 4 5 |  5.6
Dodging        | 3 4 5 6 |  6.5
Armour         | 1 2 3 |  3.4
Throwing       | 2 |  2.5
Fire Magic     | |  0.1

Action                   |  1- 3 |  4- 6 |  7- 9 | 10-12 || total
-------------------------+-------+-------+-------+-------++-------
Melee: Spear             |    37 |       |       |       ||    37
       Glaive            |    48 |   101 |    77 |   319 ||   545
Throw: Boomerang         |       |     3 |     1 |    29 ||    33
       Javelin           |       |       |       |     2 ||     2
       Throwing net      |       |       |       |     1 ||     1
 Cast: Foxfire           |       |       |       |     3 ||     3
Evoke: Wand              |       |       |       |     2 ||     2
  Use: Scroll            |     6 |     3 |     4 |     9 ||    22
       Potion            |     1 |       |     4 |     3 ||     8
 Stab: Sleeping          |    11 |       |     6 |     6 ||    23
       Distracted        |     1 |       |       |       ||     1
Armor: Robe              |    12 |    48 |    53 |     9 ||   122
       Leather armour    |       |       |       |   107 ||   107
Dodge: Dodged            |    35 |    78 |    67 |   200 ||   380
